Map: Lost and Found LE

Players

eonblu

  • Race: Zerg Zerg
  • League: Grandmaster
  • Spawn Location: 7:00

GOStephano (Stephano) - Winner!

  • Race: Zerg Zerg
  • League: Master
  • Spawn Location: 1:00

Event: HomeStory Cup XVII

VOD

Have the link to the VOD?

Description

Time

  • Played on: June 28, 2018, 12:44 p.m.
  • Length: 6:24

All games in this series

Show
View Real Time Build Order
Export as new Build Order

eonblu Zerg 

Build Orders: Hatch First 

Get SALT Encoding   

  12  0:00  Drone  
  13  0:12  Overlord  
  13  0:17  Drone  
  14  0:30  Drone x2  
  16  0:48  Hatchery  
  15  0:52  Drone  
  15  0:54  Drone  
  17  1:05  Extractor  
  17  1:09  Spawning Pool  
  15  1:12  Drone  
  15  1:16  Drone  
  17  1:19  Drone  
  18  1:28  Drone  
  19  1:39  Overlord  
  19  1:51  Drone  
  20  1:56  Queen  
  20  2:00  Queen  
  20  2:01  Zergling x4  
  26  2:07  Metabolic Boost  
  26  2:13  Drone x2  
  28  2:22  Drone  
  29  2:24  Drone  
  30  2:36  Hatchery  
  29  2:40  Drone  
  29  2:43  Overlord  
  30  2:45  Drone  
  30  2:49  Drone  
  32  2:57  Drone  
  33  3:04  Zergling x8  
  37  3:09  Zergling x6, Evolution Chamber  
  39  3:13  Zergling x2  
  39  3:14  Zergling x2  
  41  3:21  Zergling x4  
  42  3:32  Drone  
  42  3:33  Overlord  
  43  3:35  Zerg Missile Weapons Level 1  
  43  3:39  Drone, Extractor  
  43  3:41  Roach Warren  
  42  3:44  Drone  
  42  3:47  Drone x2  
  42  3:59  Drone x2  
  42  4:00  Drone x3  
  46  4:06  Overlord  
  43  4:21  Roach  
  43  4:22  Roach x4  
  53  4:28  Roach x2  
  57  4:37  Overlord x2  
  55  4:40  Roach  
  57  4:49  Roach  
  57  4:50  Roach x2  
  56  4:54  Roach x2  
  59  5:11  Zergling x16  
  64  5:21  Zergling x8  
  63  5:24  Ravager x2  
  63  5:26  Zergling x2  
  64  5:33  Zergling x4  
  62  5:49  Zergling x10  
  52  5:58  Zergling x4  
Show
View Real Time Build Order
Export as new Build Order

GOStephano Zerg - Winner!

Build Orders: Hatch First 

Get SALT Encoding   

  12  0:01  Drone  
  13  0:13  Overlord  
  13  0:18  Drone  
  14  0:31  Drone x2  
  16  0:49  Hatchery  
  15  0:51  Drone  
  15  0:55  Drone  
  17  0:58  Drone  
  18  1:09  Extractor  
  17  1:14  Spawning Pool  
  17  1:16  Drone  
  17  1:19  Drone  
  18  1:28  Drone  
  19  1:39  Drone  
  20  1:50  Drone  
  22  2:01  Queen x2, Drone  
  22  2:02  Overlord  
  26  2:13  Metabolic Boost  
  26  2:14  Drone x2  
  28  2:22  Zergling x4  
  30  2:31  Hatchery  
  30  2:34  Drone  
  30  2:40  Queen  
  32  2:45  Overlord  
  32  2:48  Drone  
  34  2:51  Drone  
  34  2:57  Baneling Nest  
  33  2:59  Drone  
  33  3:04  Overlord  
  35  3:05  Drone  
  35  3:09  Zergling x4  
  37  3:15  Zergling x4  
  39  3:21  Overlord  
  39  3:23  Drone x2  
  41  3:31  Zergling x6  
  44  3:39  Zergling x2  
  44  3:41  Baneling x4  
  45  3:43  Zergling x2  
  45  3:44  Zergling x6  
  48  3:53  Zergling x6  
  46  3:57  Queen  
  48  4:07  Drone x3  
  48  4:08  Extractor  
  50  4:16  Roach Warren, Drone x3  
  51  4:28  Overlord x2, Drone  
  52  4:47  Overlord  
  52  4:48  Drone x2  
  52  4:58  Roach  
  52  4:59  Roach x6  
  65  5:03  Roach x3  
  71  5:07  Roach x2  
  71  5:13  Roach x2  
  78  5:16  Zergling x6  
  76  5:21  Roach  
  76  5:25  Roach x2  
  76  5:27  Zergling x2  
  80  5:33  Roach  
  80  5:34  Roach  
  80  5:46  Roach  
  80  5:47  Roach x2, Zergling x2  
  80  5:48  Zergling x8  
  84  5:52  Roach  
  79  6:00  Roach  
  79  6:02  Zergling x12  
Tags
 
Add a new tag
Caveats
  • Supply blocks, unpowered buildings, or Contaminate may cause inaccurate times.
  • Supply counts are checked every 10 seconds.